high level 2v2 mixed, area prenis

Match 17500047
End
Construct Infanterie Kompanie
Selects Italian Coastal Battlegroup
Selects Coastal Reserves
Pioneer Squad
Grenadier Squad
Grenadier Squad
MG 42 Machine Gun Team
GrW 34 Mortar Team
Construct Luftwaffe Kompanie
Selects Designate Defensive Line
Designate Defensive Line
Jäger Squad
Jäger Squad
Support Elements
Wirbelwind Flakpanzer
Construct Panzergrenadier Kompanie
Nebelwerfer 42 Rocket Launcher Team
Selects Rapid Fortifications
Selects Artillery Officer
Nebelwerfer 42 Rocket Launcher Team
Artillery Officer
Designate Defensive Line
Construct Panzer Kompanie
Selects Coastal Wall
Panzer IV Medium Tank
Selects Bulwark
Sturmpanzer IV Brummbär
Side Skirts
Panzergrenadier Officer Quarters
Luftwaffe Officer Quarters
Pioneer Squad
Panzer IV Medium Tank
Pak 40 Anti-tank Gun Team
Designate Defensive Line
Pioneer Squad
Panzer IV Medium Tank
Panzer Officer Quarters
Pak 40 Anti-tank Gun Team
*Mule
RtN. havoc
Drink||Scotch
[82AD] Janko
0
0

Comments sign in to comment!

No comments posted yet!